 Dungeon Crawl Stone Soup version 0.22.1-1-ga44c0e56f4 (webtiles) character file.

51 konokrad666 the Ducker (level 3, -20/28 HPs)
             Began as a Demonspawn Gladiator on Oct 21, 2018.
             Demolished by an ogre
             ... wielding a +0 giant spiked club
              (25 damage)
             ... on level 2 of the Dungeon.
             The game lasted 00:06:23 (1223 turns).

konokrad666 the Ducker (Demonspawn Gladiator)       Turns: 1223, Time: 00:06:23

Health: -20/28     AC:  9    Str: 14    XL:     3   Next: 57%
Magic:  0/3        EV: 12    Int:  9    God:
Gold:   58         SH:  0    Dex: 15    Spells: 2/2 levels left

rFire    . . .     SeeInvis .   a - +0 trident
rCold    . . .     Gourm    .   (no shield)
rNeg     . . .     Faith    .   r - +0 ring mail
rPois    .         Spirit   +   c - +0 helmet
rElec    .         Reflect  .   (no cloak)
rCorr    .         Harm     .   (no gloves)
MR       .....                  q - +2 pair of boots
Stlth    +.........             (no amulet)
HPRegen  0.09/turn              (no ring)
MPRegen  0.08/turn              (no ring)

@: flying
A: claws 1, magic shield
a: no special abilities


You were on level 2 of the Dungeon.
You were not hungry.

You visited 1 branch of the dungeon, and saw 2 of its levels.

You collected 58 gold pieces.

Inventory:

Hand Weapons
 a - a +0 trident (weapon)
Armour
 b - a +0 leather armour
 c - a +0 helmet (worn)
 q - a +2 pair of boots (worn)
 r - a +0 ring mail (worn)
Scrolls
 e - 2 scrolls of identify
 g - a scroll of teleportation {unknown}
 i - a scroll of enchant armour {unknown}
 n - 2 scrolls of remove curse {unknown}
Potions
 j - 2 potions of might {unknown}
 k - a potion of degeneration {unknown}
 l - a potion of agility {unknown}
 m - 2 potions of mutation {unknown}
 o - 2 potions of brilliance
Comestibles
 f - 3 rations
 h - a chunk of flesh


   Skills:
 + Level 2.5 Fighting
 + Level 3.1 Polearms
 + Level 2.3 Throwing
 + Level 3.1 Dodging
 + Level 0.1 Spellcasting


You had 2 spell levels left.
You didn't know any spells.
Your spell library was empty.

Dungeon Overview and Level Annotations

Branches:
Dungeon (2/15)

Altars:
Cheibriados


Innate Abilities, Weirdness & Mutations

You have sharp fingernails.
When hurt, damage is shared between your health and your magic reserves.


Message History

The throwing net barely misses the ogre.
Throwing (i - inventory)
d - a throwing net (quivered)
Press: ? - help, Shift-Dir - straight line, f/p - ogre
Aim: an ogre, wielding a giant spiked club (lightly wounded)
You throw a throwing net.
The throwing net barely misses the ogre.
The ogre hits you with a giant spiked club!!
Ouch! That really hurt!
* * * LOW HITPOINT WARNING * * *
Okay, then.
As you read the scroll labeled MYHEUS BEESU, it crumbles to dust.
It is a scroll of identify.
o - 2 potions of brilliance The ogre barely misses you.
It was a potion of flight.
You feel very buoyant.
You fly up into the air.
The ogre hits you with a giant spiked club!!
Ouch! That really hurt!
You die...

### #.###.# ..#######.# #.#
#....>(.#.# #.##
#######...###..## ##....##..##
########.##.###..###
#..............#...#
#......(...###..##.# ##.##
#..........####O@..####......
#............[....<.......)..
#..........########..รท.....[.
############ ###########


You could see an ogre.

Vanquished Creatures
  An adder (D:2)
  2 dart slugs (D:1)
  A leopard gecko (D:1)
  7 bats (D:1)
  A giant cockroach (D:1)
  7 hobgoblins
  4 jackals (D:1)
  A quokka (D:2)
  A frilled lizard (D:1)
  4 goblins (D:1)
  3 kobolds (D:1)
  2 rats
34 creatures vanquished.

Notes
Turn   | Place    | Note
-------+----------+-------------------------------------------
     0 | D:1      | konokrad666 the Demonspawn Gladiator began the quest for
                  | the Orb.
     0 | D:1      | Reached XP level 1. HP: 16/16 MP: 1/1
    92 | D:1      | Gained mutation: When hurt, damage is shared between your
                  | health and your magic reserves. [demonic ancestry]
    92 | D:1      | Reached XP level 2. HP: 7/22 MP: 2/2
   555 | D:1      | Gained mutation: You have sharp fingernails. [demonic
                  | ancestry]
   555 | D:1      | Reached XP level 3. HP: 28/28 MP: 3/3
  1007 | D:2      | Found a snail-covered altar of Cheibriados.
  1194 | D:2      | Noticed an ogre
  1223 | D:2      | Demolished by an ogre

Skill      XL: |  1  2 |
---------------+-------+-----
Throwing       | 2 |  2.3
Polearms       | 3 |  3.1
Dodging        | 3 |  3.1
Fighting       | |  2.5
Spellcasting   | |  0.1

Action                   || total
-------------------------++-------
Melee: Trident           ||   114
Throw: Throwing net      ||     3
  Use: Potion            ||     2
       Scroll            ||     1
  Eat: Chunk             ||     1
Armor: Leather armour    ||    34
Dodge: Dodged            ||    84
